 Dungeon Crawl Stone Soup version 0.29.0-13-gc9e81de378 (webtiles) character file.

Game seed: 2489906690201374459

1424 Armakuni the Trooper (level 9, 0/61 (71) HPs)
             Began as a Human Wanderer on Sept 10, 2022.
             Was an Initiate of Gozag.
             Slain by a wight
             ... wielding a +3 mace
              (9 damage)
             ... on level 6 of the Dungeon.
             The game lasted 00:11:47 (5303 turns).

Armakuni the Trooper (Human Wanderer)               Turns: 5303, Time: 00:11:47

HP:   0/61 (71)     AC: 11    Str: 17    XL:     9   Next: 2%
MP:   10/10         EV: 11    Int: 18    God:    Gozag
Gold: 573           SH: 12    Dex: 21    Spells: 9/10 levels left

rFire   + . .      SeeInvis .   a - +0 long sword
rCold   . . .      Faith    .   l - +1 kite shield of Uskayaw, Singing {rF+ Regen+}
rNeg    . . .      Spirit   .   m - +0 ring mail
rPois   .          Reflect  .   r - +1 hat
rElec   .          Harm     .   (no cloak)
rCorr   .          Rampage  .   (no gloves)
Will    ++...                   d - +0 pair of boots
Stlth   +.........              (no amulet)
HPRegen 1.00/turn               D - +6 ring of dexterity
MPRegen 0.12/turn               W - ring of Ziafref {*Corrode Will++ AC+4 Int+8}

@: heavily drained
A: no striking features
a: Renounce Religion, Potion Petition, Call Merchant, Bribe Branch


You were on level 6 of the Dungeon.
You worshipped Gozag.
Gozag was pleased with you.
You visited 2 branches of the dungeon, and saw 7 of its levels.
You also visited: Sewer.

You collected 642 gold pieces.
You paid 69 gold pieces to Gozag.

Inventory:

Hand Weapons
 a - a +0 long sword (weapon)
 b - a +2 hand axe
Missiles
 g - 10 poisoned darts
 k - 2 throwing nets
Armour
 d - a +0 pair of boots (worn)
 e - a +0 scale mail
 f - a +0 helmet
 i - a +0 plate armour
 l - the +1 kite shield of Uskayaw, Singing (worn) {rF+ Regen+}
   (You found it on level 2 of the Dungeon)

   rF:        It protects you from fire.
   Regen:     It increases your rate of health regeneration.
 m - a +0 ring mail (worn)
 r - a +1 hat (worn)
Jewellery
 D - a +6 ring of dexterity (left hand)
 F - a +6 ring of strength
 W - the ring of Ziafref (right hand) {*Corrode Will++ AC+4 Int+8}
   (You acquired it on level 3 of the Dungeon)

   [ring of protection]

   AC:        It affects your AC (+4).
   Int:       It affects your intelligence (+8).
   *Corrode:  It may corrode you when you take damage.
   Will:      It greatly increases your willpower.
Wands
 h - a wand of polymorph (11)
 v - a wand of flame (19)
 A - a wand of roots (4)
 E - a wand of digging (4)
Scrolls
 n - a scroll of torment {unknown}
 s - a scroll of immolation
 x - a scroll of teleportation
 y - a scroll of brand weapon {unknown}
 z - a scroll of silence
Potions
 c - a potion of degeneration {unknown}
 j - 2 potions of mutation
 o - 2 potions of brilliance {unknown}
 p - 3 potions of berserk rage {unknown}
 q - 4 potions of curing
 t - 3 potions of heal wounds {unknown}
 u - 2 potions of flight {unknown}
 w - a potion of haste
 B - 2 potions of invisibility {unknown}
 C - 2 potions of might {unknown}


   Skills:
 + Level 6.8 Fighting
 - Level 4.0 Long Blades
 - Level 2.0 Axes
 - Level 3.0 Dodging
 + Level 6.5 Shields
 - Level 1.0 Spellcasting
 - Level 3.0 Translocations


You had 9 spell levels left.
You knew the following spells:

 Your Spells              Type           Power      Damage    Failure   Level
a - Apportation           Tloc           22%        N/A       28%         1

Your spell library contained the following spells:

 Spells                   Type           Power      Damage    Failure   Level
 Lesser Beckoning         Tloc           11%        N/A       65%         3
 Necrotise                Necr           0%         1d4       69%         1
 Slow                     Hex            0%         N/A       69%         1
 Confusing Touch          Hex            0%         N/A       96%         3
 Vampiric Draining        Necr           0%         2d6       96%         3
 Agony                    Necr           0%         N/A       100%        5


Dungeon Overview and Level Annotations

Branches:
Dungeon (6/15)             Temple (1/1) D:4           Sewer (visited)

Altars:
Cheibriados
Elyvilon
Fedhas
Gozag
Nemelex Xobeh
Okawaru
Ru
Sif Muna
Xom
Yredelemnul
Zin


Message History

The wight hits you but does no damage. x2
You closely miss the wight. The wight completely misses you.
The wight barely misses you. You block the wight's attack.
The wight hits you with a +3 mace!
You feel drained.
You slash the wight!
The wight is heavily damaged.
You block the wight's attack.
A wight comes into view. It is wielding a +0 great sword.
You block the wight's attack.
You hit the wight but do no damage.
The wight is heavily damaged.
The wight barely misses you. The wight hits you with a +3 mace!
You feel drained.
You barely miss the wight.
The wight is heavily damaged.
You block the wight's attack.
The wight hits you from afar with a +3 halberd!
You feel drained.
You hit the wight.
The wight is almost destroyed.
You block the wight's attack.
The wight hits you from afar with a +3 halberd!
You feel drained.
The wight hits you from afar with a +3 halberd!
The wight hits you with a +3 mace.
You hit the wight but do no damage.
The wight is almost destroyed.
The wight completely misses you. You block the wight's attack.
You completely miss the wight.
The wight is almost destroyed.
The wight hits you with a +3 mace!
* * * LOW HITPOINT WARNING * * *
You block the wight's attack.
The wight hits you from afar with a +3 halberd.
* * * LOW HITPOINT WARNING * * *
You feel drained. The wight hits you with a +3 mace.
* * * LOW HITPOINT WARNING * * *
The wight attacks as you move away! The wight hits you with a +3 mace!
You die...
Your body crumbles into a pile of gold.

#
#########..###
#
#......))....#
#
#.#######..#.#
# #.# #..#
####.# #..# $
.....#
#..###### $
######
#........
#.#######
#..).@/#
######z# #.#


#zz #### You could see 3 wights.

Vanquished Creatures
  A steam dragon (D:4)
  2 ice beasts
  A centaur (D:6)
  A kobold brigand (Sewer)
  2 necrophages
  A bullfrog (D:6)
  A scorpion (D:6)
  A gnoll sergeant (D:6)
  2 wights (D:6)
  A howler monkey (D:6)
  4 hounds
  An orc priest (D:5)
  2 jellies (D:6)
  Ijyb (D:2)
  An iguana (D:5)
  An orc wizard (D:5)
  Robin (D:2)
  4 gnolls (D:6)
  8 adders
  A shadow imp (D:5)
  2 dart slugs
  2 worms (Sewer)
  4 orcs
  9 ball pythons
  4 bats
  5 endoplasms
  7 giant cockroaches
  17 goblins
  9 hobgoblins
  7 quokkas
  4 frilled lizards
  9 kobolds
  9 rats
125 creatures vanquished.

Vanquished Creatures (others)
  A goblin (D:4)
1 creature vanquished.

Grand Total: 126 creatures vanquished

Notes
Turn   | Place    | Note
-------+----------+-------------------------------------------
     0 | D:1      | Armakuni the Human Wanderer began the quest for the Orb.
     0 | D:1      | Armakuni set off with the following items: a +2 hand axe, a
                  | +0 pair of boots, a potion of haste, a +0 leather armour;
                  | and the following spell memorised: Apportation; and the
                  | following spells available to memorise: Lesser Beckoning.
     0 | D:1      | Reached XP level 1. HP: 15/15 MP: 2/2
   413 | D:1      | Reached XP level 2. HP: 21/21 MP: 3/3
   469 | D:1      | Reached skill level 1 in Long Blades
   536 | D:1      | Found a faded altar of an unknown god.
  1195 | D:2      | Reached XP level 3. HP: 25/27 MP: 4/4
  1275 | D:2      | Noticed Robin
  1346 | D:2      | Killed Robin
  1347 | D:2      | Reached XP level 4. HP: 6/34 MP: 5/5
  1679 | D:2      | Identified the +1 kite shield of Uskayaw, Singing {rF+
                  | Regen+}
  2192 | D:3      | Noticed Ijyb
  2203 | D:2      | Killed Ijyb
  2222 | D:3      | Reached skill level 1 in Shields
  2222 | D:3      | Reached XP level 5. HP: 40/40 MP: 6/6
  2504 | D:3      | Identified a scroll of acquirement
  2504 | D:3      | Acquired the ring of Ziafref {*Corrode Will++ AC+4 Int+8}
  3271 | D:4      | Noticed a steam dragon
  3298 | D:4      | Killed a steam dragon
  3299 | D:4      | Reached XP level 6. HP: 22/48 MP: 7/7
  3398 | D:4      | Found a staircase to the Ecumenical Temple.
  3442 | Temple   | Entered the Ecumenical Temple
  3484 | Temple   | Became a worshipper of Gozag Ym Sagoz the Greedy
  3559 | D:4      | Reached XP level 7. HP: 54/54 MP: 8/8
  3918 | D:5      | Entered Level 5 of the Dungeon
  3933 | D:5      | Found a glowing drain.
  3962 | Sewer    | Entered a sewer
  4476 | D:5      | Reached skill level 5 in Fighting
  4644 | D:5      | Reached XP level 8. HP: 62/62 MP: 9/9
  5010 | D:6      | Found a blossoming altar of Fedhas.
  5023 | D:6      | Reached skill level 5 in Shields
  5287 | D:6      | Reached XP level 9. HP: 68/71 MP: 10/10
  5303 | D:6      | Slain by a wight

Illustrated notes

Levels and vault maps discovered:
D:1:      dpeg_arrival_erosion, layout_basic,
          hellmonk_ecumenical_altar_heavens_door
D:2:      layout_basic, serial_aquarium, aquarium_bridge_long_joined
          [aquarium_subvault_bridge, aquarium_subvault_window,
          aquarium_subvault_bridge, aquarium_subvault_bridge,
          aquarium_subvault_bridge, aquarium_subvault_window],
          aquarium_window_3, aquarium_window_2, aquarium_view_2a,
          aquarium_balcony_3b, uniq_robin
D:3:      minmay_razor_zed, layout_loops_ring, uniq_ijyb
D:4:      layout_gridville, minmay_temple_entry_wispy, serial_bayou_crossing
D:5:      layout_loops_ring, portal_sewer_entry_f
D:6:      layout_loops_ring, fedhas_bush_and_centaur_altar, st_stairs_5
Temple:   nicolae_temple_ecumenical_triangle

Skill      XL: |  1  2  3  4  5  6  7  8 |
---------------+-------------------------+-----
Long Blades    | 1 2 3 4 |  4.0
Fighting       | 2 3 4 5 6 |  6.8
Shields        | 1 2 4 6 |  6.5
Axes           | |  2.0
Dodging        | |  3.0
Spellcasting   | |  1.0
Translocations | |  3.0

Action                   |  1- 3 |  4- 6 |  7- 9 || total
-------------------------+-------+-------+-------++-------
Melee: Hand axe          |   100 |    14 |       ||   114
       Long sword        |       |   137 |   274 ||   411
Evoke: Wand              |       |       |     5 ||     5
  Use: Scroll            |     2 |     8 |       ||    10
       Potion            |     2 |       |     1 ||     3
 Stab: Sleeping          |       |     1 |     1 ||     2
Armor: Scale mail        |    53 |     7 |       ||    60
       Ring mail         |       |    53 |   105 ||   158
       Skin              |       |     2 |       ||     2
Dodge: Dodged            |    61 |    69 |   122 ||   252
Block: Kite shield       |       |    80 |   204 ||   284
